 Dungeon Sprint DCSS version 0.21-a0-110-g8e1637b (webtiles) character file.

6156 minicreteconcrete the Severer (level 10, -2/101 HPs)
             Began as a Hill Orc Warper on July 9, 2017.
             Was a High Priest of Lugonu.
             Slain by an elephant (10 damage)
             ... in the Dungeon (Sprint IX: "|||||||||||||||||||||||||||||").
             The game lasted 00:06:15 (1496 turns).

minicreteconcrete the Severer (Hill Orc Warper)     Turns: 1496, Time: 00:06:15

Health: -2/101     AC: 17    Str: 15    XL:     10   Next: 90%
Magic:  5/19       EV: 12    Int: 11    God:    Lugonu [*****.]
Gold:   0          SH:  0    Dex: 13    Spells: 19/19 levels left

rFire    . . .     SeeInvis .   a - +3 war axe (chop)
rCold    . . .     Gourm    .   (no shield)
rNeg     . . .     Faith    .   s - +1 chain mail
rPois    .         Spirit   .   (no helmet)
rElec    .         Reflect  .   (no cloak)
rCorr    .         Harm     .   r - +0 pair of gloves
MR       .....     Rnd*Rage +   (no boots) Stlth ..........NoTele +
                                (no amulet)
HPRegen  0.26/turn              t - +2 ring of evasion
MPRegen  0.16/turn              u - +2 ring of protection

@: no status effects
A: berserk 1, blurry vision 1, dopey 1, wild magic 1
a: Bend Space, Banish, Corrupt, Renounce Religion


You were in the Dungeon.
You worshipped Lugonu.
Lugonu was extremely pleased with you.
You were not hungry.

You visited 1 branch

Inventory:

Hand Weapons
 a - a +3 war axe of chopping (weapon)
 b - a +2 morningstar of crushing
 q - a +0 hand axe
Missiles
 e - 5 tomahawks of dispersal (quivered)
Armour
 k - a +0 leather armour
 r - a +0 pair of gloves (worn)
 s - a +1 chain mail (worn)
 z - a +1 buckler of fire resistance
Magical Staves
 p - an uncursed staff of energy
Jewellery
 t - a +2 ring of evasion (left hand)
 u - a +2 ring of protection (right hand)
Wands
 o - a wand of acid (0/15)
Scrolls
 d - 4 scrolls of blinking
 m - 4 scrolls of remove curse
 n - 2 scrolls of amnesia
 y - 3 scrolls of enchant armour
 A - 2 scrolls of recharging
 B - a scroll of fog
Potions
 g - 6 potions of curing
 h - a potion of heal wounds
 i - a potion of haste
 j - 4 potions of magic
 v - 2 potions of brilliance
 w - a potion of agility
Books
 c - a book of Spatial Translocations

   Spells                             Type                      Level
   a - Blink                          Translocation                2
   b - Shroud of Golubria             Charms/Translocation         2
   c - Lesser Beckoning               Translocation                3
   d - Gell's Gravitas                Translocation                3
   e - Teleport Other                 Translocation                3
   f - Passage of Golubria            Translocation                4
Comestibles
 f - a bread ration
 l - 3 chunks of flesh


   Skills:
 + Level 13.4 Fighting
 + Level 16.6 Axes
 - Level 2.0 Throwing
 + Level 12.9 Armour
 + Level 6.5 Dodging
 - Level 0.5 Stealth
 + Level 5.3 Spellcasting
   Level 2.4 Translocations
 * Level 12.4 Invocations
 - Level 2.5 Evocations


You had 19 spell levels left.
You didn't know any spells.

Dungeon Overview and Level Annotations

Branches:
Dungeon (1/1)

Altars:
Cheibriados
Dithmenos
Elyvilon
Fedhas
Gozag
Hepliaklqana
Kikubaaqudgha
Makhleb
Nemelex Xobeh
Okawaru
Qazlal
Ru
Sif Muna
Trog
Uskayaw
Vehumet
Wu Jian
Xom
Yredelemnul
Zin
The Shining One
Beogh
Jiyva
Lugonu


Innate Abilities, Weirdness & Mutations

You tend to lose your temper in combat.
Scrolls take you a little longer to read.
You are dopey. (Int -2)
Your spells are a little harder to cast, but a little more powerful.


Message History

There is an open door to the Lair, spattered with blood here.
You slash the elephant!
The elephant is moderately wounded.
The elephant closely misses you.
The elephant trunk-slaps you but does no damage.
You hit the elephant but do no damage.
The elephant is moderately wounded.
The elephant tramples you but does no damage.
The elephant misses you.
You slash the elephant!
The elephant is heavily wounded.
The elephant tramples you!
* * * LOW HITPOINT WARNING * * *
You stumble backwards!
You hit the elephant but do no damage.
The elephant is heavily wounded.
You slash the elephant!
The elephant is heavily wounded.
The elephant tramples you!
You die...

▓.▓.▓_▓
▓.▓.▓_▓
▓.▓.▓_▓
▓.▓.▓_▓
▓.▓.▓_▓
▓.▓.▓_▓
▓.▓.▓_▓
▓Y▓.▓_▓
▓@▓.▓_▓
▓'▓.▓_▓
▓.▓.▓_▓
▓.▓.▓_▓
▓.▓.▓_▓
▓.▓.▓_▓
▓.▓.▓'▓
▓(▓.▓.▓
▓.▓.▓.▓


You could see an elephant.

Vanquished Creatures
  A hydra (D)
  An ugly thing (D)
  3 elephants (D)
  A black mamba (D)
  A spiny frog (D)
  A gargoyle (D)
  A troll (D)
  2 blink frogs (D)
  A wyvern (D)
  3 yaks (D)
  A hungry ghost (D)
  3 water moccasins (D)
  A sky beast (D)
  A porcupine (D)
  An ice beast (D)
  An ogre (D)
  2 crocodiles (D)
  A bullfrog (D)
  A scorpion (D)
  A howler monkey (D)
  2 hounds (D)
  An orc wizard (D)
  An iguana (D)
  An ooze (D)
  An orc (D)
  A bat (D)
  2 frilled lizards (D)
  A jackal zombie (D)
  A kobold (D)
  A rat (D)
40 creatures vanquished.

Vanquished Creatures (others)
  An elephant (D)
  A spiny frog (D)
  A basilisk (D)
3 creatures vanquished.

Grand Total: 43 creatures vanquished

Notes
Turn   | Place    | Note
-------+----------+-------------------------------------------
     0 | D        | minicreteconcrete the Hill Orc Warper began the quest for the Orb.
     0 | D        | Reached XP level 1. HP: 18/18 MP: 3/3
     9 | D        | Reached skill level 3 in Axes
    32 | D        | Noticed an iguana
    32 | D        | Noticed a hound
    38 | D        | Reached skill level 1 in Throwing
    38 | D        | Reached XP level 2. HP: 11/26 MP: 5/5
    47 | D        | Reached skill level 4 in Axes
    47 | D        | Reached XP level 3. HP: 18/34 MP: 7/7
    51 | D        | Reached skill level 5 in Axes
    51 | D        | Reached XP level 4. HP: 22/41 MP: 8/8
    60 | D        | Found a roughly hewn altar of Beogh.
    60 | D        | Found a snail-covered altar of Cheibriados.
    60 | D        | Found a shadowy altar of Dithmenos.
    60 | D        | Found a white marble altar of Elyvilon.
    60 | D        | Found a blossoming altar of Fedhas.
    60 | D        | Found an opulent altar of Gozag.
    61 | D        | Found a hazy altar of Hepliaklqana.
    62 | D        | Found a viscous altar of Jiyva.
    63 | D        | Found an ancient bone altar of Kikubaaqudgha.
    64 | D        | Found a corrupted altar of Lugonu.
    65 | D        | Found a burning altar of Makhleb.
    66 | D        | Found a sparkling altar of Nemelex Xobeh.
    67 | D        | Found an iron altar of Okawaru.
    68 | D        | Found a stormy altar of Qazlal.
    69 | D        | Found a sacrificial altar of Ru.
    70 | D        | Found a deep blue altar of Sif Muna.
    71 | D        | Found a bloodstained altar of Trog.
    72 | D        | Became a worshipper of Lugonu the Unformed
    72 | D        | Reached * piety under Lugonu
    73 | D        | Found a hide-covered altar of Uskayaw.
    74 | D        | Found a radiant altar of Vehumet.
    75 | D        | Found an ornate altar of the Wu Jian Council.
    76 | D        | Found a shimmering altar of Xom.
    77 | D        | Found a basalt altar of Yredelemnul.
    78 | D        | Found a glowing silver altar of Zin.
    79 | D        | Found a glowing golden altar of the Shining One.
   239 | D        | Noticed a yak
   239 | D        | Noticed a sky beast
   242 | D        | Reached skill level 5 in Fighting
   242 | D        | Reached skill level 6 in Axes
   242 | D        | Reached XP level 5. HP: 47/49 MP: 8/10
   248 | D        | Killed a sky beast
   248 | D        | Reached skill level 7 in Axes
   250 | D        | Reached ** piety under Lugonu
   250 | D        | Reached skill level 8 in Axes
   259 | D        | Killed a yak
   259 | D        | Reached skill level 9 in Axes
   259 | D        | Reached skill level 5 in Armour
   259 | D        | Reached XP level 6. HP: 26/61 MP: 10/13
   269 | D        | Reached skill level 10 in Axes
   276 | D        | Reached skill level 5 in Dodging
   276 | D        | Reached skill level 5 in Spellcasting
   457 | D        | Noticed an ice beast
   457 | D        | Noticed a white ugly thing
   457 | D        | Noticed a gargoyle
   457 | D        | Noticed a troll
   457 | D        | Noticed a hungry ghost
   461 | D        | Killed a troll
   461 | D        | Reached *** piety under Lugonu
   461 | D        | Reached skill level 11 in Axes
   461 | D        | Reached skill level 1 in Evocations
   461 | D        | Reached XP level 7. HP: 69/69 MP: 14/14
   463 | D        | Killed a hungry ghost
   463 | D        | Reached skill level 12 in Axes
   464 | D        | Killed a white ugly thing
   464 | D        | Reached skill level 13 in Axes
   464 | D        | Reached XP level 8. HP: 79/79 MP: 15/15
   466 | D        | Reached skill level 10 in Fighting
   487 | D        | Killed a gargoyle
   487 | D        | Reached **** piety under Lugonu
   493 | D        | Reached skill level 14 in Axes
   499 | D        | Gained mutation: Scrolls take you a little longer to read. [mutagenic meat]
   500 | D        | Gained mutation: Your spells are a little harder to cast, but a little more powerful. [mutagenic meat]
   501 | D        | Gained mutation: You tend to lose your temper in combat. [mutagenic meat]
   502 | D        | Gained mutation: You are dopey. (Int -2) [mutagenic meat]
   764 | D        | Noticed a spiny frog
   764 | D        | Noticed a blink frog
   764 | D        | Noticed a wyvern
   764 | D        | Noticed a seven-headed hydra
   767 | D        | Noticed a yak
   773 | D        | Killed a 13-headed hydra
   773 | D        | Reached skill level 10 in Armour
   773 | D        | Reached XP level 9. HP: 67/89 MP: 17/17
   777 | D        | Reached skill level 5 in Invocations
  1045 | D        | Reached ***** piety under Lugonu
  1045 | D        | Reached skill level 15 in Axes
  1048 | D        | Killed a spiny frog
  1114 | D        | Reached XP level 10. HP: 86/97 MP: 18/18
  1148 | D        | Noticed a black mamba
  1148 | D        | Noticed a spiny frog
  1153 | D        | Noticed an elephant
  1160 | D        | Banished a spiny frog
  1168 | D        | Killed a black mamba
  1168 | D        | Reached skill level 16 in Axes
  1174 | D        | Reached ****** piety under Lugonu
  1188 | D        | Killed an elephant
  1219 | D        | Noticed an elephant
  1219 | D        | Noticed an elephant
  1219 | D        | Noticed an elephant
  1219 | D        | Noticed an elephant
  1219 | D        | Noticed an elephant
  1219 | D        | Noticed a dire elephant
  1241 | D        | Banished a dire elephant
  1241 | D        | Reached skill level 10 in Invocations
  1439 | D        | Killed an elephant
  1451 | D        | Killed an elephant
  1467 | D        | Banished an elephant
  1496 | D        | Slain by an elephant

Vault maps used:
D:        linesprint

Skill      XL: |  1  2  3  4  5  6  7  8  9 10 |
---------------+-------------------------------+-----
Axes           | 3 4 5 6 9 11 13 14 15 16 | 16.6
Dodging        | 2 3 4 5 6 |  6.5
Fighting       | 3 4 5 7 8 9 11 12 13 | 13.4
Throwing       | 1 2 |  2.0
Spellcasting   | 2 3 4 5 |  5.3
Armour         | 2 5 6 8 10 11 12 | 12.9
Evocations     | 1 2 |  2.5
Invocations    | 4 7 12 | 12.4
Stealth        | |  0.5
Translocations | |  2.4

Action                   |  1- 3 |  4- 6 |  7- 9 | 10-12 || total
-------------------------+-------+-------+-------+-------++-------
Melee: Hand axe          |    32 |       |       |       ||    32
       War axe           |       |    36 |    55 |    73 ||   164
Invok: Banish            |       |       |       |    12 ||    12
       Bend Space        |       |       |       |     1 ||     1
Evoke: Wand              |       |     3 |     4 |       ||     7
  Use: Potion            |     1 |       |     4 |       ||     5
 Stab: Invisible         |       |       |     1 |       ||     1
  Eat: Chunk             |       |       |     7 |     5 ||    12
Armor: Leather armour    |     5 |       |       |       ||     5
       Chain mail        |       |    19 |    19 |    26 ||    64
Dodge: Dodged            |     9 |    15 |    22 |    32 ||    78
